 Dungeon Crawl Stone Soup version 0.27.1-33-g824d729ab1 (webtiles) character file.

Game seed: 13136211817129643074

91 jlumianski the Skirmisher (level 4, 0/29 HPs)
             Began as a Gargoyle Monk on Dec 13, 2021.
             Splashed by a jelly's acid (7 damage)
             ... on level 3 of the Dungeon.
             The game lasted 00:10:28 (3189 turns).

jlumianski the Skirmisher (Gargoyle Monk)           Turns: 3189, Time: 00:10:28

Health: 0/29       AC: -2    Str: 16    XL:     4   Next: 57%
Magic:  4/4        EV: 11    Int: 10    God:
Gold:   188        SH:  0    Dex: 12    Spells: 1/3 levels left

rFire    . . .     SeeInvis .   u - +1 whip (elec)
rCold    . . .     Faith    .   (no shield)
rNeg     + . .     Spirit   .   l - +0 ring mail
rPois    ∞         Reflect  .   w - +0 helmet
rElec    +         Harm     .   (no cloak)
rCorr    .         Rampage  .   (no gloves)
Will     .....                  (no boots)
Stlth    +.........             (no amulet)
HPRegen  0.09/turn              (no ring)
MPRegen  0.09/turn              (no ring)

@: corroded, studying Dodging
A: sickness immunity, AC +3, negative energy resistance 1, electricity
resistance, torment resistance 1, petrification resistance
a: no special abilities


You were on level 3 of the Dungeon.
You visited 1 branch of the dungeon, and saw 4 of its levels.

You collected 188 gold pieces.

Inventory:

Hand Weapons
 a - a +0 hand axe
 g - a +0 hunting sling
 i - a +0 hunting sling
 s - a +2 mace of protection
 u - a +1 whip of electrocution (weapon)
Missiles
 d - 25 poisoned darts (quivered)
 f - 15 stones
 q - 3 boomerangs
 r - 24 sling bullets
 t - 5 silver boomerangs
 x - 11 bolts
Armour
 b - a +0 robe
 l - a +0 ring mail (worn)
 o - a +0 scale mail
 w - a +0 helmet (worn)
Wands
 k - a wand of mindburst (11)
Scrolls
 e - a scroll of summoning
 j - a scroll of holy word
Potions
 c - a potion of invisibility
 h - a potion of heal wounds
 m - a potion of attraction {unknown}
 p - a potion of flight {unknown}
 v - a potion of curing


   Skills:
 + Level 3.6 Fighting
 + Level 3.5 Axes
 + Level 0.1 Throwing
 + Level 1.0 Armour
 + Level 2.9 Dodging
 + Level 2.6 Stealth
 * Level 1.1 Poison Magic


You had one spell level left.
You knew the following spells:

 Your Spells              Type           Power      Damage    Failure   Level
a - Poisonous Vapours     Pois/Air       2%         N/A       65%         2

Your spell library contained the following spells:

 Spells                   Type           Power      Damage    Failure   Level
 Corpse Rot               Necr/Air       N/A        N/A       73%         2
 Gell's Gravitas          Tloc           0%         N/A       91%         3
 Teleport Other           Tloc           0%         N/A       91%         3
 Freezing Cloud           Conj/Ice/Air   0%         6-21      100%        5
 Dispersal                Tloc           0%         N/A       100%        6


Dungeon Overview and Level Annotations

Branches:
Dungeon (4/15)
 Temple: D:4-7

Altars:
Kikubaaqudgha


Innate Abilities, Weirdness & Mutations

You are immune to sickness and miasma.
Your stone body is resilient. (AC +3)
You are immune to poison.
You resist negative energy. (rN+)
You are resistant to electric shocks. (rElec)
You are resistant to unholy torment.
You are immune to petrification.


Message History

j - a scroll of holy word
As you read the scroll of identify, it crumbles to dust.
c - a potion of invisibility It was a potion of heal wounds.
You feel much better.
(D) Dungeon
Where to? (Enter - D:2, ? - help)
What level of the Dungeon? (default 1, ? - help)
You see here a +0 short sword.
You see here a +0 scale mail.
There is a stone staircase leading down here.
You climb downwards.
The jelly quivers.
There is a stone staircase leading up here.
There are monsters nearby!
The kobold shouts!
The jelly closely misses you.
You climb upwards.
There is a stone staircase leading down here.
You hit the jelly. The acid corrodes you!
Your hands burn!
The jelly is moderately wounded.
The jelly barely misses you.
You hit the jelly but do no damage.
Your hands burn!
The jelly is moderately wounded.
The jelly hits you.
You are splashed with acid.
You hit the jelly.
Your hands burn!
The jelly is heavily wounded.
The jelly closely misses you.
You hit the jelly. The acid corrodes you!
Your hands burn!
The jelly is severely wounded.
The jelly hits you but does no damage.
You hit the jelly.
Your hands burn!
* * * LOW HITPOINT WARNING * * *
The jelly is almost dead.
The jelly barely misses you. The jelly barely misses you.
You see here a +0 club.
The jelly hits you.
* * * LOW HITPOINT WARNING * * *
The acid corrodes you!
You are splashed with acid!
You die...

#.............# #.....##..[...# #
#.....##.)....# # #.....##......#
# ########......#################
#
..............)...............###
..............................##.
..........##...J.................
..........##....@.......########.
..........#########.....# ##
..........# #.....# # ..........#
#.....# # ..........# #.....# #
..........# #.....# ##
..........# #.....# #.
..........# #.....# #.
###...##### #.....# #.


You could see a jelly.

Vanquished Creatures
  Ijyb (D:3)
  2 adders (D:2)
  3 orcs (D:3)
  3 endoplasms (D:1)
  3 giant cockroaches
  5 hobgoblins
  2 jackals (D:2)
  2 quokkas
  4 ball pythons
  5 bats
  6 frilled lizards
  3 goblins
  2 kobolds
  6 rats
47 creatures vanquished.

Vanquished Creatures (others)
  A plant (D:2)
1 creature vanquished.

Grand Total: 48 creatures vanquished

Notes
Turn   | Place    | Note
-------+----------+-------------------------------------------
     0 | D:1      | jlumianski the Gargoyle Monk began the quest for the Orb.
     0 | D:1      | Reached XP level 1. HP: 14/14 MP: 1/1
   541 | D:1      | Reached XP level 2. HP: 19/19 MP: 2/2
   646 | D:1      | Found a faded altar of an unknown god.
   826 | D:2      | Reached XP level 3. HP: 10/23 MP: 3/3
   832 | D:2      | Learned a level 2 spell: Poisonous Vapours
  1634 | D:2      | Found an ancient bone altar of Kikubaaqudgha.
  2236 | D:3      | Noticed Ijyb
  2250 | D:3      | Killed Ijyb
  2251 | D:3      | Reached XP level 4. HP: 15/29 MP: 4/4
  2499 | D:3      | Reached skill level 1 in Poison Magic
  2967 | D:3      | Reached skill level 1 in Armour
  3189 | D:3      | Splashed by a jelly's acid

Illustrated notes

Levels and vault maps discovered:
D:1:      ncdulo_wetmaze, layout_basic, hellmonk_ecumenical_altar_lost_god,
          serial_glass, glass_columns_b, glass_columns_c
D:2:      layout_basic, serial_forest, infiniplex_forest_lined_3_way,
          infiniplex_forest_zigzag_2, infiniplex_forest_clump_curved,
          infiniplex_forest_clump_large, infiniplex_forest_clump_small,
          infiniplex_forest_end_3, infiniplex_forest_straight_5, basic_altar
D:3:      layout_basic, minmay_splitting_lines, uniq_ijyb
D:4:      layout_cave_pods, amethyst_overflow_temple_binary, uniq_grinder

Skill      XL: |  1  2  3  4 |
---------------+-------------+-----
Axes           | 3 |  3.5
Poison Magic   | 1 |  1.1
Armour         | 1 |  1.0
Fighting       | |  3.6
Throwing       | |  0.1
Dodging        | |  2.9
Stealth        | |  2.6

Action                   |  1- 3 |  4- 6 || total
-------------------------+-------+-------++-------
Melee: Hand axe          |   131 |    27 ||   158
       Whip              |       |    11 ||    11
Throw: Dart              |     4 |     4 ||     8
 Cast: Poisonous Vapours |     1 |       ||     1
  Use: Potion            |     2 |     1 ||     3
       Scroll            |       |     3 ||     3
 Stab: Sleeping          |     4 |       ||     4
Armor: Robe              |    24 |       ||    24
       Ring mail         |    23 |     8 ||    31
Dodge: Dodged            |    96 |    31 ||   127
